 Dungeon Crawl Stone Soup version 0.32-a0-18-g89e19f1 (webtiles) character file.

Game seed: 18257705951218415330

8904 Dorkslayer the Carver (level 11, -1/72 HPs)
             Began as an Octopode Fighter on Jan 15, 2024.
             Was a Priest of Wu Jian.
             Slain by an orc warlord
             ... wielding a +3 vampiric battleaxe
              (26 damage)
             ... on level 1 of the Orcish Mines.
             The game lasted 00:40:26 (9778 turns).

Dorkslayer the Carver (Octopode Fighter)            Turns: 9778, Time: 00:40:26

Health: -1/72      AC:  1    Str: 31    XL:     11   Next: 38%
Magic:  12/12      EV: 22    Int: 16    God:    Wu Jian [***...]
Gold:   925        SH: 17    Dex: 16    Spells: 8/11 levels left

rFire   . . .        a - +1 long sword
rCold   . . .        c - +2 kite shield "Guukenon" {rElec}
rNeg    . . .        (helmet currently unavailable)
rPois   .            u - amulet "Meumy" {Reflect ^Drain Str+9 SH+5 SInv}
rElec   +            q - +5 ring of evasion
rCorr   .            F - +6 ring of intelligence
SInv    +            O - +6 ring of strength
Will    .....        (no ring)
Stlth   +++++        (no ring)
HPRegen 0.32/turn    (no ring)
MPRegen 0.13/turn    (no ring)
                     (no ring)

%: reflection
@: beast-form, hasted, very quick
A: beast (slay +0), almost no armour, amphibious, 8 rings, camouflage 1,
gelatinous body 1, (nimble swimmer 1), tentacles
a: Begin Untransformation, Renounce Religion, Wall Jump, Serpent's Lash


You were on level 1 of the Orcish Mines.
You worshipped Wu Jian.
Wu Jian was most pleased with you.
You were a hulking beast.
You visited 3 branches of the dungeon, and saw 13 of its levels.
You also visited: Ossuary.

You collected 1050 gold pieces.
You spent 125 gold pieces at shops.

Inventory:

Hand Weapons
 a - a +1 long sword (weapon)
 t - a +4 short sword of freezing
 v - a +0 falchion of holy wrath
 y - a +1 falchion
 J - a +2 falchion of freezing
Missiles
 z - 6 boomerangs
 H - 2 javelins (quivered)
Armour
 c - the +2 kite shield "Guukenon" (worn) {rElec}
   (You acquired it on level 9 of the Dungeon)

   rElec:     It insulates you from electricity.
Jewellery
 q - a +5 ring of evasion (left tentacle)
 u - the amulet "Meumy" (around mantle) {Reflect ^Drain Str+9 SH+5 SInv}
   (You acquired it on level 5 of the Dungeon)

   [amulet of reflection]

   Reflect:   It reflects blocked missile attacks.
   Str+9:     It affects your strength (+9).
   SInv:      It lets you see invisible.
   ^Drain:    It drains your maximum health when unequipped.
   SH+5:      It affects your SH (+5).
 F - a +6 ring of intelligence (right tentacle)
 O - a +6 ring of strength (on tentacle)
Talismans
 b - a beast talisman (active)
 M - a maw talisman
Wands
 m - a wand of light (4)
 w - a wand of digging (9)
 N - a wand of flame (5)
Scrolls
 d - 3 scrolls of revelation
 e - 5 scrolls of blinking
 f - 2 scrolls of butterflies
 g - 2 scrolls of immolation
 h - a scroll of torment {unknown}
 j - a scroll of fear
 k - 3 scrolls of teleportation
 n - 2 scrolls of poison
 r - 4 scrolls of enchant armour
 G - a scroll of identify
 I - 2 scrolls of brand weapon {unknown}
 K - a scroll of amnesia {unknown}
 L - a scroll of fog {unknown}
Potions
 i - a potion of resistance
 l - 4 potions of curing
 p - a potion of lignification
 s - 6 potions of enlightenment
 x - 3 potions of cancellation
 A - 3 potions of brilliance
 C - a potion of heal wounds
 D - a potion of ambrosia
 E - 2 potions of invisibility


   Skills:
 * Level 5.9 Fighting
 + Level 9.0 Long Blades
 + Level 3.0 Throwing
 + Level 8.6 Dodging
 + Level 7.7 Stealth
 + Level 6.4 Shields
 * Level 1.5 Unarmed Combat
 * Level 0.8 Spellcasting
 * Level 0.8 Air Magic
 + Level 7.9 Evocations
 * Level 1.6 Shapeshifting


You had 8 spell levels left.
You knew the following spells:

 Your Spells              Type           Power      Damage    Failure   Level
a - Swiftness             Air            3%         N/A       63%         3

Your spell library contained the following spells:

 Spells                   Type           Power      Damage    Failure   Level
 Shock                    Conj/Air       8%         1d3       32%         1
 Freeze                   Ice            0%         1d3       36%         1
 Necrotise                Necr           0%         1d4       36%         1
 Slow                     Hex            0%         N/A       36%         1
 Call Canine Familiar     Summ           0%         N/A       75%         3
 Confusing Touch          Hex            0%         N/A       75%         3
 Frozen Ramparts          Ice            0%         1d1       75%         3
 Fugue of the Fallen      Necr           0%         N/A       75%         3
 Hailstorm                Conj/Ice       0%         3d5       75%         3
 Sigil of Binding         Hex            0%         N/A       75%         3
 Vampiric Draining        Necr           0%         2d6       75%         3
 Airstrike                Air            1%         2d(1-17)  95%         4
 Summon Lightning Spire   Summ/Air       2%         N/A       97%         4
 Animate Dead             Necr           0%         N/A       98%         4
 Dimensional Bullseye     Hex/Tloc       0%         N/A       98%         4
 Martyr's Knell           Necr/Summ      0%         N/A       98%         4
 Borgnjor's Vile Clutch   Necr/Erth      0%         N/A       100%        5
 Curse of Agony           Necr           0%         N/A       100%        5
 Lee's Rapid Deconstruct  Erth           0%         3d4*      100%        5
 Death Channel            Necr           0%         N/A       100%        6
 Haunt                    Necr/Summ      0%         N/A       100%        7
 Infestation              Necr           0%         N/A       100%        8
 Animate Armour           Summ/Erth      Unusable   N/A       N/A         4

Dungeon Overview and Level Annotations

Branches:
Dungeon (10/15)            Temple (1/1) D:4            Lair (0/5) D:10
    Orc (2/2) D:10            Elf (0/3) Orc:2       Ossuary (visited)

Altars:
Ashenzari
Cheibriados
Dithmenos
Elyvilon
Fedhas
Gozag
Hepliaklqana
Kikubaaqudgha
Makhleb
Nemelex Xobeh
Okawaru
Qazlal
Ru
Sif Muna
Trog
Uskayaw
Vehumet
Wu Jian
Xom
Yredelemnul
Zin
The Shining One

Shops:
D:2 *   D:6 *   D:8 [


Innate Abilities, Weirdness & Mutations

You are a hulking beast.
Your limbs bulge with bestial killing power. (Slay +0)
You cannot wear most types of armour.
You are amphibious.
You can wear up to eight rings at the same time.
Your skin changes colour to match your surroundings (Stealth+).
Your rubbery body absorbs attacks. (AC +1, EV +1)
((You are camouflaged when in or above water. (Stealth+)))
You have tentacles for arms and can constrict up to eight enemies at once.


Message History

The orc knight shoots a bolt.
You block the bolt with an invisible shield... and reflect it back!
The bolt hits the orc knight!
You spin and attack the orc warlord.
You hit the orc warlord but do no damage.
You grab the orc warlord. You squeeze the orc warlord.
The orc warlord is heavily wounded.
You constrict the orc warlord, but do no damage.
Cornered, the orc warrior turns to fight!
The orc warlord roars a battlecry!
The orc goes into a battle-frenzy!
You block the warg's attack.
There is a stone staircase leading up, spattered with blood here.
You release your grip on the orc warlord.
You block the warg's attack. The orc warlord closely misses you.
The orc warrior unwields a +0 orcbow.
The orc warrior wields a +0 glaive.
You block the orc warrior's attack.
You climb upwards.
There is a stone staircase leading down, spattered with blood here.
Unknown command.
Okay, then.
Aiming: Bolt of Light
Press: ? - help, Shift-Dir - straight line, f - orc warlord
Aim: an orc warlord, wielding a +3 vampiric battleaxe and wearing a +0 plate armour (heavily wounded, 84% to hit)
The bolt of light hits the orc warlord!!
The orc warlord is severely wounded.
The orc warlord is blinded.
You block the warg's attack. You block the orc warlord's attack.
The warg bites you!! The orc warrior barely misses you.
You hit the orc warlord. You grab the orc warlord.
The orc warlord is severely wounded.
You constrict the orc warlord. You block the warg's attack.
You block the orc warlord's attack.
The orc warrior hits you with a +0 glaive!!
Unknown command.
You feel yourself speed up.
You constrict the orc warlord, but do no damage.
The warg misses you.
The orc warlord hits you with a +3 vampiric battleaxe!!
You die...

######........#
######.......##
#####.......####
####.......##..##
###........#....#
###............##
####.........###
###..o.[.#..###
####.oh..########
###..).h...#.##.##
###..............#
###.............##
###............##
####.....#......#
###.......####..###
####.##...###.....##
##.##.##........#


You could see an orc warlord (blind, unable to see you), a warg and an orc
warrior (strong).

Vanquished Creatures
  A two-headed ogre (D:8)
  A centaur warrior (D:8)
  An ugly thing (D:9)
  Maurice (D:10)
  An unseen horror (D:10)
  A komodo dragon (D:10)
  3 trolls
  Prince Ribbit (D:5)
  A slime creature (D:8)
  2 shadows (D:10)
  A vampire (D:8)
  2 wyverns
  2 wraiths
  A human (D:9)
  2 steam dragons
  Edmund (D:4)
  2 water moccasins
  2 ice beasts
  4 orc warriors
  A black bear (D:6)
  4 centaurs
  A phantom (D:5)
  A kobold brigand (D:9)
  An elf zombie (D:7)
  2 bullfrogs
  Blork the orc (D:5)
  An elf skeleton (D:7)
  2 scorpions (D:6)
  14 wights
  10 killer bees
  2 electric eels (D:9)
  4 howler monkeys
  2 bombardier beetles
  A hound (D:7)
  4 orc priests
  4 iguanas
  2 human skeletons (D:7)
  2 sleepcaps (D:7)
  Ijyb (D:3)
  7 orc wizards
  8 mummies (Ossuary)
  10 adders
  A white imp (D:8)
  2 ufetubi (D:5)
  3 dart slugs
  A ribbon worm (D:5)
  39 orcs
  3 ball pythons
  A bat (D:1)
  4 endoplasms
  5 giant cockroaches
  8 goblins
  3 hobgoblins
  3 quokkas
  A frilled lizard (D:3)
  2 gnoll zombies (Ossuary)
  A hobgoblin zombie (Ossuary)
  8 kobolds
  A kobold zombie (Ossuary)
  6 orc zombies
207 creatures vanquished.

Vanquished Creatures (others)
  A white imp (D:7)
1 creature vanquished.

Grand Total: 208 creatures vanquished

Notes
Turn   | Place    | Note
-------+----------+-------------------------------------------
     0 | D:1      | Dorkslayer the Octopode Fighter began the quest for the
                  | Orb.
     0 | D:1      | Reached XP level 1. HP: 16/16 MP: 1/1
   284 | D:1      | Reached XP level 2. HP: 21/21 MP: 2/2
   359 | D:1      | Got the Spellbook of Sciomancy
   707 | D:1      | Found a faded altar of an unknown god.
   885 | D:2      | Reached XP level 3. HP: 17/26 MP: 3/3
  1150 | D:2      | Found Lykhaidy's General Store.
  1243 | D:2      | Bought a scroll of fear for 52 gold pieces
  1243 | D:2      | Bought a scroll of noise for 13 gold pieces
  1243 | D:2      | Bought a potion of curing for 39 gold pieces
  1329 | D:3      | Noticed Ijyb
  1336 | D:3      | Killed Ijyb
  1337 | D:3      | Reached skill level 1 in Stealth
  1337 | D:3      | Reached XP level 4. HP: 18/31 MP: 4/4
  1543 | D:3      | Found a burning altar of Makhleb.
  2057 | D:4      | Found a staircase to the Ecumenical Temple.
  2066 | Temple   | Entered the Ecumenical Temple
  2126 | Temple   | Became a worshipper of the Wu Jian Council
  2212 | D:4      | Noticed Edmund
  2223 | D:4      | Killed Edmund
  2224 | D:4      | Reached skill level 3 in Long Blades
  2224 | D:4      | Reached skill level 1 in Evocations
  2224 | D:4      | Reached XP level 5. HP: 36/36 MP: 5/5
  2265 | D:4      | Reached XP level 6. HP: 42/42 MP: 6/6
  2938 | D:5      | Entered Level 5 of the Dungeon
  2940 | D:5      | Identified a scroll of acquirement
  2940 | D:5      | Acquired the amulet "Meumy" {Reflect ^Drain Str+9 SH+5
                  | SInv}
  3016 | D:5      | Noticed Prince Ribbit
  3023 | D:5      | Killed Prince Ribbit
  3024 | D:5      | Reached skill level 4 in Long Blades
  3024 | D:5      | Reached XP level 7. HP: 47/47 MP: 7/7
  3207 | D:5      | You fall into a shaft and drop 1 floor!
  3691 | D:5      | Found a shimmering altar of Xom.
  3709 | D:5      | Noticed Blork the orc
  3724 | D:5      | Killed Blork the orc
  3729 | D:5      | Reached * piety under Wu Jian
  3938 | D:5      | Reached skill level 5 in Dodging
  4028 | D:5      | Reached XP level 8. HP: 54/54 MP: 8/8
  4049 | D:5      | Reached skill level 5 in Long Blades
  4241 | D:6      | Reached skill level 5 in Stealth
  4502 | D:6      | Reached skill level 1 in Throwing
  4594 | D:6      | Found Mis Ecs's CLEARANCE SALE!.
  4602 | D:6      | Bought a wand of flame (6) for 21 gold pieces
  5086 | D:7      | Reached skill level 6 in Long Blades
  5086 | D:7      | Reached XP level 9. HP: 58/58 MP: 9/9
  5152 | D:7      | Reached skill level 5 in Evocations
  5159 | D:7      | Found a sand-covered staircase.
  5168 | Ossuary  | Entered an ossuary
  5191 | Ossuary  | Reached ** piety under Wu Jian
  6456 | D:7      | Reached skill level 5 in Shields
  6623 | D:8      | Reached skill level 7 in Long Blades
  6835 | D:8      | Noticed a centaur warrior
  6847 | D:8      | Killed a centaur warrior
  6848 | D:8      | Reached XP level 10. HP: 33/65 MP: 10/10
  6975 | D:8      | Reached skill level 5 in Fighting
  7444 | D:8      | Reached skill level 8 in Long Blades
  7513 | D:8      | Found Yrod's Armour Emporium.
  7595 | D:8      | Reached *** piety under Wu Jian
  7702 | D:8      | Noticed a two-headed ogre
  7707 | D:8      | Killed a two-headed ogre
  8176 | D:9      | Found a stormy altar of Qazlal.
  8211 | D:9      | Reached XP level 11. HP: 48/72 MP: 11/11
  8237 | D:9      | HP: 3/72 [wraith (14)]
  8351 | D:9      | Found a hazy altar of Hepliaklqana.
  8382 | D:9      | Acquired the +2 kite shield "Guukenon" {rElec}
  8396 | D:9      | Found a sacrificial altar of Ru.
  8499 | D:9      | Noticed a cyan ugly thing
  8503 | D:9      | Killed a cyan ugly thing
  8504 | D:9      | Reached skill level 1 in Shapeshifting
  8518 | D:9      | Found a runed translucent door.
  8531 | D:9      | Found a basalt altar of Yredelemnul.
  8605 | D:9      | Found a broken altar of Ashenzari.
  8673 | D:10     | Entered Level 10 of the Dungeon
  9010 | D:10     | Learned a level 3 spell: Swiftness
  9010 | D:10     | Noticed Maurice
  9014 | D:10     | Killed Maurice
  9015 | D:10     | Reached skill level 9 in Long Blades
  9048 | D:10     | Found a staircase to the Orcish Mines.
  9083 | D:10     | Found a staircase to the Lair.
  9166 | D:10     | Found an opulent altar of Gozag.
  9219 | D:10     | Reached skill level 1 in Unarmed Combat
  9610 | Orc:1    | Entered Level 1 of the Orcish Mines
  9730 | Orc:2    | Entered Level 2 of the Orcish Mines
  9730 | Orc:2    | Noticed an orc warlord
  9730 | Orc:2    | Found a staircase to the Elven Halls.
  9767 | Orc:2    | Noticed an orc knight
  9778 | Orc:1    | Slain by an orc warlord

Illustrated notes

Levels and vault maps discovered:
D:1:      wheals_arrival_linesprint, layout_basic,
          shapermc_ecumenical_altar_mp_urbaneastern
D:2:      layout_basic, serial_shops, nicolae_shop_advertising_works
          [nicolae_subvault_shop_adworks]
D:3:      layout_basic, lightli_temple_of_fire, uniq_ijyb
D:4:      layout_loops_corners, temple_hall, uniq_edmund
D:5:      layout_cave_pods, pf_just_have_faith, uniq_prince_ribbit1,
          uniq_blork_the_orc
D:6:      layout_loops_corners, nicolae_shop_clearance
D:7:      layout_basic, nicolae_ossuary_entry_catacombs
D:8:      layout_loops_ring, serial_shops, kennysheep_mini,
          minmay_shattered_shrine
D:9:      minmay_spotlight, layout_rooms, dk_yredelemnul_ordeal,
          cheibrodos_ashenzari_chains, overflow_temple_1_default,
          mainiacjoe_overflow_catch_the_wave
D:10:     layout_gridville, amcnicky_altar_gilded, david_lair_shrubbed,
          orc_0_dummy, nrook_campfire, uniq_maurice
Temple:   dpeg_chambers_temple
Orc:1:    layout_caves, serial_shops, shop, nooodl_orcs_dogs, uniq_erica,
          uniq_erolcha
Orc:2:    st_orc_ogre_mass, layout_diamond_mine, ebering_ghost_rock_garden

Skill      XL: |  1  2  3  4  5  6  7  8  9 10 11 |
---------------+----------------------------------+-----
Stealth        | 1 2 3 4 5 7 |  7.7
Dodging        | 4 5 6 7 8 |  8.6
Long Blades    | 3 4 6 7 8 9 |  9.0
Evocations     | 1 2 3 4 6 7 |  7.9
Shields        | 4 5 6 |  6.4
Fighting       | 4 5 |  5.9
Throwing       | 1 2 3 |  3.0
Shapeshifting  | 1 |  1.6
Unarmed Combat | 1 |  1.5
Spellcasting   | |  0.8
Air Magic      | |  0.8

Action                     |  1- 3 |  4- 6 |  7- 9 | 10-12 || total
---------------------------+-------+-------+-------+-------++-------
  Melee: Long sword        |    71 |    70 |   160 |   147 ||   448
         Constrict         |    26 |    20 |    43 |    28 ||   117
         Tentacles         |    17 |    16 |    48 |    43 ||   124
         Punch             |     1 |     2 |     1 |     6 ||    10
         Falchion          |       |       |    23 |       ||    23
  Throw: Javelin           |       |       |    22 |     6 ||    28
Ability: Lunge             |       |     7 |    15 |     2 ||    24
         Whirlwind         |       |       |     2 |     4 ||     6
  Evoke: Wand              |       |     2 |    28 |    36 ||    66
    Use: Scroll            |     1 |    11 |    11 |     4 ||    27
         Potion            |       |       |     3 |     2 ||     5
   Stab: Sleeping          |     5 |     8 |    14 |     1 ||    28
         Distracted        |       |       |     1 |       ||     1
         Fleeing           |       |       |       |     1 ||     1
         Invisible         |       |       |       |     1 ||     1
 Armour: Skin              |    20 |    19 |    49 |    43 ||   131
  Dodge: Dodged            |    13 |    28 |    95 |    84 ||   220
  Block: Buckler           |    14 |    22 |    81 |    51 ||   168
         Reflection        |       |       |     2 |     7 ||     9
         Kite shield       |       |       |       |    56 ||    56
   Form: Beast             |       |       |       |     1 ||     1

Table legend: (Time is in decaauts)
 A = Elapsed time spent in this place.
 B = Non-inter-level travel time spent in this place.
 C = Inter-level travel time spent in this place.
 D = Time resting spent in this place.
 E = Time spent auto-exploring this place.
 F = Levels seen in this place.
 G = Mean time per level.
                   A        B        C        D        E       F      G
               +--------+--------+--------+--------+--------+-----+--------+
         Total |   9861 |   9861 |      0 |    197 |   5347 |  14 |  704.4 |
       Dungeon |   9386 |   9386 |      0 |    197 |   5313 |  10 |  938.6 |
        Temple |     73 |     73 |      0 |      0 |      0 |   1 |   73.0 |
  Orcish Mines |    169 |    169 |      0 |      0 |      0 |   2 |   84.5 |
       Ossuary |    231 |    231 |      0 |      0 |     34 |   1 |  231.0 |
               +--------+--------+--------+--------+--------+-----+--------+

Top non-repeatable levels by time:
     D:8: 1413 daAuts
     D:7: 1308 daAuts
     D:6: 1222 daAuts
    D:10: 937 daAuts
     D:5: 936 daAuts
     D:4: 862 daAuts
     D:1: 802 daAuts
     D:3: 730 daAuts
     D:9: 664 daAuts
     D:2: 507 daAuts
 Ossuary: 231 daAuts
   Orc:1: 156 daAuts
  Temple: 73 daAuts
   Orc:2: 13 daAuts
